 Dungeon Crawl Stone Soup version 0.25.0-9-g26727b657a (webtiles) character file.

Game seed: 1426857308381637619

357 Esekla the Ducker (level 6, -8/29 HPs)
             Began as a Spriggan Necromancer on June 16, 2020.
             Was a Believer of Lugonu.
             Mangled by a mummy (14 damage)
             ... in an ossuary.
             The game lasted 00:34:14 (5328 turns).

Esekla the Ducker (Spriggan Necromancer)            Turns: 5328, Time: 00:34:15

Health: -8/29      AC:  6    Str:  5    XL:     6   Next: 37%
Magic:  13/13      EV: 20    Int: 18    God:    Lugonu [**....]
Gold:   123        SH:  6    Dex: 16    Spells: 10/14 levels left

rFire    . . .     SeeInvis +   o - +1 rapier
rCold    . . .     Gourm    .   h - +1 buckler (curse)
rNeg     . . .     Faith    .   a - +1 robe
rPois    .         Spirit   .   (helmet restricted)
rElec    .         Reflect  .   b - +2 cloak
rCorr    .         Harm     .   (gloves unavailable)
MR       +....                  (boots unavailable)
Stlth    +++.......             (no amulet)
HPRegen  0.09/turn              (no ring)
MPRegen  0.13/turn              (no ring)

@: very quick
A: very small, unfitting armour, see invisible, herbivore, speed 3, slow
metabolism 2
a: Depart the Abyss, Bend Space, Renounce Religion


You were in an ossuary.
You worshipped Lugonu.
Lugonu was pleased with you.
You were hungry.

You visited 2 branches of the dungeon, and saw 6 of its levels.
You also visited: Ossuary.

You collected 123 gold pieces.

Inventory:

Hand Weapons
 j - a +0 spear
 o - a +1 rapier (weapon)
Missiles
 n - 2 boomerangs (quivered)
 p - 9 poisoned darts
Armour
 a - a +1 robe (worn)
 b - a +2 cloak (worn)
 h - a cursed +1 buckler (worn)
Wands
 m - a wand of iceblast (10)
Scrolls
 d - 2 scrolls of identify
 e - a scroll of remove curse {unknown}
 f - a scroll of noise {unknown}
 i - a scroll of enchant armour
 l - a scroll of blinking
 t - 2 scrolls of immolation {unknown}
Potions
 g - 4 potions of flight
 k - 2 potions of curing
 q - a potion of heal wounds {unknown}
 r - a potion of invisibility {unknown}
 s - a potion of ambrosia {unknown}
 u - 5 potions of degeneration {unknown}
Comestibles
 c - a ration


   Skills:
 + Level 0.5 Fighting
 * Level 3.3 Short Blades
 * Level 5.0 Dodging
 + Level 4.1 Stealth
 * Level 0.9 Shields
 * Level 4.6 Spellcasting
 + Level 4.2 Necromancy


You had 10 spell levels left.
You knew the following spells:

 Your Spells              Type           Power        Failure   Level  Hunger
a - Pain                  Necr           ###.         3%          1    None
d - Vampiric Draining     Necr           ###.......   12%         3    ###....

Your spell library contained the following spells:

 Spells                   Type           Power        Failure   Level  Hunger
 Animate Skeleton         Necr           N/A          3%          1    None
 Animate Dead             Necr           N/A          36%         4    ####...
 Agony                    Necr           ###.....     71%         5    ######.


Dungeon Overview and Level Annotations

Branches:
Dungeon (5/15)             Temple (1/1) D:4         Ossuary (1/1)

Altars:
Ashenzari
Dithmenos
Gozag
Kikubaaqudgha
Makhleb
Nemelex Xobeh
Okawaru
Ru
Trog
Uskayaw
Vehumet
Wu Jian
Xom
The Shining One
Lugonu


Innate Abilities, Weirdness & Mutations

You are very small and have problems with some larger weapons.
You are too small for most types of armour.
You have supernaturally acute eyesight. (SInv)
You are a herbivore.
You cover ground extremely quickly.
You need to consume almost no food.


Message History

The mummy is lightly damaged.
The sentinel's mark upon you fades away.
Throwing (i - inventory. (/) - cycle)
n - 2 boomerangs (quivered)
Press: ? - help, Shift-Dir - straight line, f/p - mummy
Aim: a mummy (lightly damaged)
You throw a boomerang. The boomerang barely misses the mummy.
The boomerang hits the mummy but does no damage.
Throwing (i - inventory. (/) - cycle)
n - 2 boomerangs (quivered)
Press: ? - help, Shift-Dir - straight line, f/p - mummy
Aim: a mummy (lightly damaged)
You throw a boomerang. The boomerang barely misses the mummy.
The boomerang hits the mummy.
The mummy is lightly damaged.
You hit the mummy.
The mummy is moderately damaged.
The mummy misses you.
You barely miss the mummy.
The mummy is moderately damaged.
The mummy hits you!
You die...

+...#M........#..
#...MM...⌠....'..
+...#.........#..
#.M###M......###.
+M## ##.....## ##
#M# ###'### #
##.## #.# ##
#.MM# ##.## #.
#@?.# #.∩.# #.
##### #.∩.# ##
#####


You could see 5 mummies.

Vanquished Creatures
  A centaur zombie (Ossuary)
  2 hounds (D:3)
  2 big kobold zombies (Ossuary)
  8 gnolls
  6 adders
  3 worms
  2 dart slugs
  3 leopard geckos
  5 orcs
  3 giant cockroaches
  8 goblins
  7 hobgoblins
  8 jackals
  11 kobolds
  4 bats
  4 frilled lizards
  A goblin zombie (Ossuary)
  A kobold zombie (Ossuary)
  A quokka skeleton (D:4)
  11 rats
91 creatures vanquished.

Notes
Turn   | Place    | Note
-------+----------+-------------------------------------------
     0 | D:1      | Esekla the Spriggan Necromancer began the quest for the
                  | Orb.
     0 | D:1      | Reached XP level 1. HP: 9/9 MP: 5/5
    51 | D:2      | Found an iron altar of Okawaru.
   579 | D:1      | Reached XP level 2. HP: 11/13 MP: 3/6
  1635 | D:2      | Reached XP level 3. HP: 10/16 MP: 1/8
  1645 | D:2      | Learned a level 3 spell: Vampiric Draining
  2182 | D:3      | Found a shadowy altar of Dithmenos.
  2455 | D:4      | Reached XP level 4. HP: 14/21 MP: 11/11
  2457 | D:4      | Found a staircase to the Ecumenical Temple.
  2587 | Temple   | Entered the Ecumenical Temple
  2629 | Temple   | Became a worshipper of Lugonu the Unformed
  2629 | Temple   | Reached * piety under Lugonu
  3422 | D:2      | Reached skill level 4 in Dodging
  3488 | D:2      | Reached skill level 1 in Short Blades
  3562 | D:2      | Found a shattered altar of Ashenzari.
  3562 | D:2      | Found a hide-covered altar of Uskayaw.
  3562 | D:2      | Found a shimmering altar of Xom.
  3803 | D:2      | Found a glowing golden altar of the Shining One.
  3865 | D:2      | Reached XP level 5. HP: 20/24 MP: 1/12
  4138 | D:3      | Reached ** piety under Lugonu
  4522 | D:3      | Reached XP level 6. HP: 24/29 MP: 13/13
  4745 | D:5      | Entered Level 5 of the Dungeon
  4756 | D:5      | Found a sand-covered staircase.
  4764 | Ossuary  | Entered an ossuary
  4975 | Ossuary  | Reached skill level 5 in Dodging
  5328 | Ossuary  | Mangled by a mummy

Illustrated notes

Levels and vault maps discovered:
D:1:      dpeg_arrival_connections, layout_basic
D:2:      layout_rooms, nicolae_overflow_crystal_walls,
          gammafunk_temple_overflow_claw, nicolae_tso_carved_into_rock
D:3:      layout_loops_ring, lemuel_crystal_altar, first_ration
D:4:      layout_rooms, minmay_temple_entry_antechambers, serial_corexii_hall,
          corexii_hall_statues_i, chequers_hall_statues_y,
          kennysheep_flooded_box, minmay_unequal
D:5:      layout_rooms, nicolae_ossuary_entry_ruins, basic_altar
Temple:   corrupted_temple
Ossuary:  ossuary_crypta

Skill      XL: |  1  2  3  4  5  6 |
---------------+-------------------+-----
Spellcasting   | 3 4 |  4.6
Necromancy     | 4 |  4.2
Dodging        | 4 5 |  5.0
Short Blades   | 1 2 3 |  3.3
Stealth        | 4 |  4.1
Fighting       | |  0.5
Shields        | |  0.9

Action                   |  1- 3 |  4- 6 || total
-------------------------+-------+-------++-------
Melee: Dagger            |     4 |       ||     4
       Short sword       |    53 |       ||    53
       Rapier            |    22 |   267 ||   289
Throw: Boomerang         |       |    24 ||    24
 Cast: Pain              |    41 |     4 ||    45
       Vampiric Draining |     7 |    13 ||    20
  Use: Scroll            |     7 |     2 ||     9
 Stab: Sleeping          |     3 |     9 ||    12
       Distracted        |       |     1 ||     1
  Eat: Ration            |       |     2 ||     2
Armor: Robe              |    23 |    38 ||    61
Dodge: Dodged            |    73 |   182 ||   255
Block: Buckler           |       |    61 ||    61
